 Dungeon Crawl Stone Soup version 0.28.0 (webtiles) character file.

Game seed: 2315719350145796023

82108 browni3141 the Frost Mage (level 16, -4/109 HPs)
             Began as a Formicid Ice Elementalist on Feb 5, 2022.
             Was the Champion of Hepliaklqana.
             Slain by a sun moth (11 damage)
             ... on level 2 of the Spider Nest.
             The game lasted 01:21:01 (29977 turns).

browni3141 the Frost Mage (FoIE)                   Turns: 29977, Time: 01:21:01

Health: -4/109     AC: 18    Str: 16    XL:     16   Next: 20%
Magic:  8/25       EV: 14    Int: 22    God:    Hepliaklqana [******]
Gold:   1441       SH:  6    Dex: 15    Spells: 10/21 levels left

rFire   + . .      SeeInvis +   b - +10 shortbow of Tifoor {flame, rCorr Str+2 Dex+4}
rCold   . . .      Faith    .   I - +0 buckler
rNeg    . . .      Spirit   .   P - +0 troll leather armour
rPois   +          Reflect  .   (helmet unavailable)
rElec   .          Harm     .   w - +0 cloak
rCorr   +          Rampage  .   p - +0 pair of gloves
Will    ++...                   M - +2 pair of boots
Stlth   +.........              O - amulet of magic regeneration
HPRegen 1.08/turn               i - ring of poison resistance
MPRegen 0.59/turn               v - ring "Dogafer" {rF+ Will+}

@: ice-armoured, freezing walls, glowing
A: reduced essence, permanent stasis, dig shafts and tunnels, antennae 3, four
strong arms
a: Dig, Shaft Self, Renounce Religion, Recall Ancestor, Ancestor Identity,
Transference, Idealise


You were on level 2 of the Spider Nest.
You worshipped Hepliaklqana.
Hepliaklqana was exalted by your worship.
You visited 5 branches of the dungeon, and saw 22 of its levels.
You also visited: Ice Cave.

You collected 1441 gold pieces.

Inventory:

Hand Weapons
 b - the +10 shortbow of Tifoor (weapon) {flame, rCorr Str+2 Dex+4}
   (You found it on level 6 of the Lair of Beasts)

   Any ammunition fired from it burns those it strikes, dealing additional fire
   damage.
   Str:       It affects your strength (+2).
   Dex:       It affects your dexterity (+4).
   rCorr:     It protects you from acid and corrosion.
Missiles
 d - 308 arrows (quivered ammo)
 f - 2 datura-tipped darts
Armour
 p - a +0 pair of gloves (worn)
 w - a +0 cloak (worn)
 I - a +0 buckler (worn)
 M - a +2 pair of boots (worn)
 P - a +0 troll leather armour (worn)
Magical Staves
 a - a staff of cold
Jewellery
 e - an amulet of reflection
 i - a ring of poison resistance (left hand)
 s - a ring of magical power
 v - the ring "Dogafer" (right hand) {rF+ Will+}
   (You found it on level 3 of the Dungeon)

   [ring of willpower]

   rF:        It protects you from fire.
   Will:      It increases your willpower.
 C - an amulet of guardian spirit
 G - a ring of protection from fire
 O - an amulet of magic regeneration (around neck)
 Q - a ring of flight
 V - a ring of positive energy
 Z - a ring of resist corrosion
Wands
 J - a wand of polymorph (20)
 S - a wand of flame (13)
 Y - a wand of mindburst (6)
Scrolls
 c - 4 scrolls of teleportation {unknown}
 m - a scroll of summoning {unknown}
 n - 10 scrolls of identify {unknown}
 o - 2 scrolls of torment {unknown}
 t - 3 scrolls of noise {unknown}
 u - 6 scrolls of enchant armour {unknown}
 x - 6 scrolls of blinking {unknown}
 y - 5 scrolls of enchant weapon {unknown}
 A - 2 scrolls of magic mapping {unknown}
 B - 2 scrolls of fog {unknown}
 E - 3 scrolls of fear {unknown}
 H - 3 scrolls of vulnerability {unknown}
 L - 3 scrolls of immolation {unknown}
 N - a scroll of brand weapon {unknown}
 R - 2 scrolls of amnesia {unknown}
Potions
 g - 2 potions of lignification {unknown}
 h - 3 potions of might {unknown}
 j - 2 potions of brilliance {unknown}
 k - 3 potions of flight {unknown}
 l - 11 potions of ambrosia
 q - 2 potions of invisibility
 r - 4 potions of heal wounds {unknown}
 z - 2 potions of resistance {unknown}
 D - a potion of degeneration {unknown}
 F - 4 potions of mutation {unknown}
 K - 9 potions of curing {unknown}
 T - a potion of haste {unknown}
 W - a potion of berserk rage {unknown}
 X - a potion of cancellation {unknown}
Miscellaneous
 U - a phial of floods (inert)


   Skills:
 - Level 10.0 Fighting
 - Level 12.0 Staves
 * Level 10.0 Bows
 - Level 5.0 Armour
 - Level 6.0 Dodging
 - Level 2.4 Stealth
 - Level 8.0 Shields
 - Level 3.0 Spellcasting
 - Level 5.0 Conjurations
 - Level 14.0 Ice Magic
 - Level 12.0 Invocations


You had 10 spell levels left.
You knew the following spells:

 Your Spells              Type           Power      Damage    Failure   Level
a - Freeze                Ice            100%       1d11      1%          1
b - Frozen Ramparts       Ice            100%       1d12      1%          3
c - Ozocubu's Armour      Ice            60%        N/A       1%          3
d - Hailstorm             Conj/Ice       45%        3d10      3%          4

Your spell library contained the following spells:

 Spells                   Type           Power      Damage    Failure   Level
 Ensorcelled Hibernation  Hex/Ice        68%        N/A       1%          2
 Ice Form                 Ice/Tmut       34%        N/A       10%         4
 Pain                     Necr           12%        1d4       17%         1
 Conjure Flame            Conj/Fire      14%        6-21      19%         3
 Ignite Poison            Fire/Tmut/Pois 3%         N/A       45%         3
 Spider Form              Tmut/Pois      3%         N/A       45%         3
 Tukima's Dance           Hex            3%         N/A       45%         3
 Sticky Flame             Conj/Fire      14%        2d4       52%         4
 Simulacrum               Ice/Necr       17%        N/A       83%         6
 Anguish                  Hex/Necr       1%         N/A       86%         4
 Animate Dead             Necr           1%         N/A       86%         4
 Agony                    Necr           3%         N/A       99%         5
 Excruciating Wounds      Necr           1%         N/A       99%         5
 Enfeeble                 Hex            1%         N/A       100%        7
 Haunt                    Necr/Summ      1%         N/A       100%        7
 Infestation              Necr           1%         N/A       100%        8


Dungeon Overview and Level Annotations

Branches:
Dungeon (11/15)            Temple (1/1) D:5            Lair (6/6) D:9
 Shoals (0/4) Lair:4       Spider (2/4) Lair:4        Slime (0/5) Lair:5
    Orc (2/2) D:11            Elf (0/3) Orc:2         IceCv (visited)

Altars:
Ashenzari
Cheibriados
Dithmenos
Elyvilon
Fedhas
Gozag
Hepliaklqana
Kikubaaqudgha
Makhleb
Nemelex Xobeh
Okawaru
Qazlal
Ru
Sif Muna
Trog
Uskayaw
Vehumet
Wu Jian
Xom
Yredelemnul
Zin
The Shining One
Beogh

Shops:
D:1 ?

Annotations:
Lair:4 1 runed translucent door, Barbarella's ghost, journeyman MiBe


Innate Abilities, Weirdness & Mutations

Your life essence is reduced to manifest your ancestor. (-10% HP)
You cannot be hasted, slowed, berserked, paralysed or teleported.
You can dig through walls and to a lower floor.
You have a pair of large antennae on your head. (SInv)
Your four strong arms can wield two-handed weapons with a shield.


Message History

* * * LOW HITPOINT WARNING * * *
The wolf spider barely misses you.
Unknown command.
Casting: Frozen Ramparts (safe; 1% risk of failure)
Confirm with . or Enter, or press ? or * to list all spells.
A film of ice covers your body!
The wall freezes the sun moth.
The wall freezes the wolf spider!
The wolf spider completely misses you. You block the wolf spider's attack.
Unknown command.
Unknown command.
Casting: Ozocubu's Armour (safe; 1% risk of failure)
Confirm with . or Enter, or press ? or * to list all spells.
Casting: Hailstorm (dangerous; 3% risk of failure)
Press: ? - help, Dir - look around, f - activate A cannonade of hail descends around you!
The hail pelts the redback!!
The redback is almost dead.
The wall freezes the wolf spider.
The wolf spider hits you!
* * * LOW HITPOINT WARNING * * *
The wolf spider bites you.
* * * LOW HITPOINT WARNING * * *
The wall freezes the redback.
The wall freezes the sun moth.
The sun moth bites you but does no damage.
The wall freezes the wolf spider.
The wolf spider hits you.
* * * LOW HITPOINT WARNING * * *
The wolf spider bites you but does no damage.
Unknown command.
Unknown command.
Okay, then.
Okay, then.
Unknown command.
Aiming: Mindburst
Press: ? - help, Shift-Dir - straight line, f - wolf spider
Aim: a wolf spider (severely wounded, haloed, chance to affect: 64%)
The wolf spider's mind is blasted!!
The wall freezes the redback.
You kill the redback!
The wall freezes the wolf spider!
You kill the wolf spider!
The wall freezes the sun moth.
The sun moth bites you!
You die...

# ^##### ...#.###
##....^.## ######## ##
..#.#.......((...#...
####....#.#.. .(.......
............# #(.......
.......^..^.# ##(# ..
#.......##..# #.@##.#
#....##.#...####y((.##..
..##.##........≈≈..(.(..
..##...........≈≈≈.(...(
...........#.########..#
.....(.....### ##
#.^#.##....#
############


You could see a sun moth (unsilenced, waterlogged).

Vanquished Creatures
  Kirke (Lair:6)
  An emperor scorpion (Spider:1)
  Snorg (Lair:5)
  3 spark wasps (Spider:2)
  3 boulder beetles
  5 hydras
  A radroach (Spider:1)
  2 catoblepae
  A two-headed ogre (D:9)
  A deep troll shaman (Lair:6)
  13 death yaks
  Urug (Lair:1)
  3 pharaoh ants
  A sun moth (Spider:2)
  An orb spider (Spider:2)
  2 steelbarb worms (Spider:1)
  9 wolf spiders
  2 black mambas
  5 elephants
  A moth of wrath (Spider:2)
  A gargoyle (D:9)
  6 cane toads
  2 torpor snails
  2 demonic crawlers (Spider:1)
  2 rime drakes
  6 komodo dragons
  11 meliai
  A polar bear (Lair:6)
  12 tarantellas
  14 blink frogs
  2 hornets
  2 slime creatures (D:8)
  8 dream sheep
  10 jumping spiders
  4 culicivoras
  4 wyverns
  2 hogs (Lair:6)
  13 redbacks
  A steam dragon (D:8)
  15 yaks
  2 basilisks
  An acid dragon (D:11)
  14 water moccasins
  A sky beast (D:6)
  7 orc warriors
  4 black bears
  2 ogres (D:4)
  A necrophage (D:4)
  18 wolves
  A centaur (D:8)
  2 phantoms
  7 bullfrogs
  A gnoll sergeant (D:10)
  2 scorpions
  A water moccasin skeleton (D:4)
  A wyvern skeleton (D:6)
  7 wights
  23 killer bees
  3 electric eels
  A vampire bat (D:3)
  2 howler monkeys (D:8)
  A centaur zombie (D:6)
  2 hounds
  A bullfrog zombie (D:5)
  4 orc priests
  A centaur skeleton (D:5)
  Jessica (D:3)
  A bullfrog skeleton (D:5)
  3 iguanas
  4 orc wizards
  A killer bee zombie (D:9)
  3 gnolls (D:10)
  9 adders
  A shadow imp (D:5)
  2 white imps
  4 worms
  13 dart slugs
  3 fire bats (D:3)
  32 orcs
  2 bat skeletons (D:3)
  A bat zombie (D:3)
  5 endoplasms
  3 giant cockroaches
  11 goblins
  8 hobgoblins
  12 jackals
  10 kobolds
  7 quokkas
  7 ball pythons
  14 bats
  A bat simulacrum (D:3)
  4 frilled lizards
  A rat (D:2)
448 creatures vanquished.

Vanquished Creatures (collateral kills)
  An entropy weaver (Spider:1)
  A boulder beetle (Spider:1)
  5 hydras
  A death yak (Lair:6)
  2 sun moths
  A deep elf pyromancer (D:8)
  2 wolf spiders (Spider:1)
  A moth of wrath (Spider:1)
  2 black mambas (Lair:6)
  5 elephants
  5 cane toads
  A torpor snail (Lair:5)
  A komodo dragon (Lair:2)
  A queen bee (Orc:1)
  4 meliai
  A troll (D:11)
  A tarantella (Spider:1)
  2 slime creatures (D:8)
  2 dream sheep
  5 blink frogs
  5 jumping spiders
  6 culicivoras
  12 yaks
  2 wraiths (D:10)
  3 basilisks
  A hog (Lair:6)
  5 redbacks (Spider:1)
  3 water moccasins
  A hornet zombie (D:8)
  2 orc warriors
  An ice beast (D:8)
  6 wolves
  2 ogres
  2 centaurs (D:9)
  A kobold brigand (D:9)
  9 bullfrogs
  A wyvern skeleton (D:7)
  12 killer bees
  5 wights
  2 howler monkeys
  A jelly (D:6)
  4 orc wizards
  2 howler monkey zombies
  2 white imps
  12 orcs
146 creatures vanquished.

Vanquished Creatures (others)
  16 knights
  2 ancestors (D:7)
  2 spectral bats (D:3)
  A bat skeleton (D:3)
  2 demonic plants (D:2)
  35 fungi
  65 plants
123 creatures vanquished.

Grand Total: 717 creatures vanquished

Notes
Turn   | Place    | Note
-------+----------+-------------------------------------------
     0 | D:1      | browni3141 the Formicid Ice Elementalist began the quest
                  | for the Orb.
     0 | D:1      | Reached XP level 1. HP: 13/13 MP: 3/3
    68 | D:1      | Found Zyepalle's Magic Scroll Emporium.
   386 | D:1      | Reached XP level 2. HP: 12/19 MP: 0/5
   918 | D:1      | Reached XP level 3. HP: 20/24 MP: 2/6
  1250 | D:1      | Reached skill level 5 in Ice Magic
  1438 | D:1      | Learned a level 3 spell: Frozen Ramparts
  1942 | D:2      | Found a faded altar of an unknown god.
  1942 | D:2      | Noticed a Brimstone Fiend
  1965 | D:2      | Reached XP level 4. HP: 30/30 MP: 2/7
  2147 | D:2      | Learned a level 3 spell: Ozocubu's Armour
  2988 | D:3      | Reached XP level 5. HP: 34/35 MP: 6/8
  3144 | D:3      | Reached skill level 6 in Ice Magic
  3397 | D:3      | Noticed Jessica
  3406 | D:3      | Killed Jessica
  3484 | D:3      | Reached skill level 1 in Fighting
  3562 | D:3      | Reached XP level 6. HP: 43/46 MP: 10/10
  3948 | D:3      | Identified the ring "Dogafer" {rF+ Will+}
  4542 | D:4      | Noticed an ogre
  4550 | D:4      | Killed an ogre
  4551 | D:4      | Reached XP level 7. HP: 45/55 MP: 11/11
  4787 | D:4      | Reached skill level 5 in Fighting
  4792 | D:4      | Learned a level 4 spell: Hailstorm
  5269 | D:4      | Found an iron altar of Okawaru.
  5437 | D:4      | Reached skill level 1 in Conjurations
  6092 | D:4      | Reached skill level 7 in Ice Magic
  6092 | D:4      | Reached XP level 8. HP: 31/62 MP: 12/12
  6401 | D:5      | Entered Level 5 of the Dungeon
  6459 | D:5      | Found a staircase to the Ecumenical Temple.
  6482 | Temple   | Entered the Ecumenical Temple
  6696 | Temple   | Became a worshipper of Hepliaklqana the Forgotten
  7137 | D:5      | Found a hide-covered altar of Uskayaw.
  7553 | D:5      | Found a broken altar of Ashenzari.
  7601 | D:5      | Reached skill level 8 in Ice Magic
  7601 | D:5      | Reached skill level 1 in Invocations
  8289 | D:6      | Reached * piety under Hepliaklqana
  8343 | D:6      | Identified the +4 plate armour of the Apple {+Blink rF+
                  | rN++ MP-9}
  8374 | D:6      | Reached skill level 5 in Invocations
  8421 | D:6      | Reached skill level 1 in Staves
  8421 | D:6      | Reached XP level 9. HP: 57/61 MP: 13/13
  9200 | D:7      | Reached skill level 1 in Shields
  9400 | D:7      | Reached skill level 5 in Staves
  9549 | D:7      | Noticed a hornet
  9556 | D:7      | Killed a hornet
  9557 | D:7      | Reached skill level 5 in Shields
  9626 | D:7      | Reached skill level 1 in Armour
 10018 | D:7      | Reached ** piety under Hepliaklqana
 10019 | D:7      | Remembered your ancestor Emily as a knight
 10022 | D:7      | Found a bloodstained altar of Trog.
 10165 | D:8      | Found a shadowy altar of Dithmenos.
 10225 | D:8      | Noticed a deep elf pyromancer
 10234 | D:8      | Killed a deep elf pyromancer
 10235 | D:8      | Reached XP level 10. HP: 66/66 MP: 14/14
 10301 | D:8      | Found a sacrificial altar of Ru.
 10920 | D:8      | Reached skill level 9 in Ice Magic
 11153 | D:8      | Reached skill level 5 in Conjurations
 11724 | D:9      | Reached skill level 10 in Ice Magic
 11920 | D:9      | Noticed an elephant
 11929 | D:9      | Killed an elephant
 12087 | D:9      | Found a staircase to the Lair.
 12103 | D:9      | Reached XP level 11. HP: 61/71 MP: 15/15
 12149 | D:9      | Noticed a two-headed ogre
 12174 | D:9      | Killed a two-headed ogre
 12363 | D:9      | Noticed a death yak
 12376 | D:9      | Killed a death yak
 12768 | D:9      | Identified the +2 leather armour of Miunit {Str+3}
 12838 | D:9      | Found a basalt altar of Yredelemnul.
 12838 | D:9      | Found a shimmering altar of Xom.
 13045 | D:10     | Entered Level 10 of the Dungeon
 13143 | D:10     | Found a white marble altar of Elyvilon.
 14168 | D:10     | Reached *** piety under Hepliaklqana
 14493 | D:10     | Reached skill level 11 in Ice Magic
 14655 | D:11     | Noticed a boulder beetle
 14904 | Lair:1   | Entered Level 1 of the Lair of Beasts
 15270 | Lair:1   | Noticed a four-headed hydra
 15278 | Lair:1   | Killed a four-headed hydra
 15279 | Lair:1   | Reached XP level 12. HP: 77/77 MP: 16/16
 15382 | Lair:1   | Noticed Urug
 15403 | Lair:1   | Reached skill level 12 in Ice Magic
 15405 | Lair:1   | Killed Urug
 15576 | Lair:1   | Found a frozen archway.
 15585 | IceCv    | Entered an ice cave
 16129 | Lair:2   | You fall into a shaft and drop 2 floors!
 16149 | Lair:4   | Found a staircase to the Shoals.
 16299 | Lair:4   | Reached **** piety under Hepliaklqana
 16516 | Lair:3   | Identified the +4 mace of the Feather {vorpal, Contam Str+4
                  | Dex+3}
 16551 | Lair:3   | Reached skill level 10 in Staves
 16943 | Lair:4   | Noticed an eight-headed hydra
 16953 | Lair:4   | Killed an eight-headed hydra
 17396 | Lair:4   | Found a hole to the Spider Nest.
 17459 | Lair:4   | Found a runed translucent door.
 17674 | Lair:4   | Noticed Barbarella's ghost (journeyman MiBe)
 17795 | Lair:3   | Reached XP level 13. HP: 88/88 MP: 19/19
 18146 | Lair:3   | Reached ***** piety under Hepliaklqana
 18599 | Lair:2   | Noticed a four-headed hydra
 18606 | Lair:2   | Killed a four-headed hydra
 19792 | Lair:5   | Noticed Snorg
 19801 | Lair:5   | Noticed a catoblepas
 19869 | Lair:5   | Noticed a five-headed hydra
 19877 | Lair:5   | Killed a five-headed hydra
 20121 | Lair:5   | Noticed a six-headed hydra
 20129 | Lair:5   | Killed a six-headed hydra
 20242 | Lair:5   | Noticed an eight-headed hydra
 20246 | Lair:5   | Killed an eight-headed hydra
 20275 | Lair:5   | Noticed a seven-headed hydra
 20285 | Lair:5   | Killed a seven-headed hydra
 20317 | Lair:5   | Reached skill level 10 in Invocations
 20352 | Lair:5   | Noticed a boulder beetle
 20364 | Lair:5   | Killed a boulder beetle
 20571 | Lair:5   | Reached skill level 10 in Fighting
 20589 | Lair:5   | Reached XP level 14. HP: 87/99 MP: 3/22
 21530 | Lair:5   | Found a staircase to the Slime Pits.
 21785 | Lair:5   | Killed Snorg
 21857 | Lair:6   | Entered Level 6 of the Lair of Beasts
 22392 | Lair:6   | Reached skill level 5 in Dodging
 22760 | Lair:6   | Reached skill level 5 in Armour
 23490 | Lair:6   | Noticed Kirke
 23499 | Lair:6   | Killed Kirke
 23522 | Lair:6   | Reached skill level 13 in Ice Magic
 24353 | Lair:6   | Reached skill level 14 in Ice Magic
 24353 | Lair:6   | Reached XP level 15. HP: 84/103 MP: 16/24
 24732 | Lair:6   | Identified the +10 shortbow of Tifoor {flame, rCorr Str+2
                  | Dex+4}
 26232 | D:11     | Reached skill level 1 in Bows
 26315 | D:11     | Found a staircase to the Orcish Mines.
 27024 | Orc:1    | Entered Level 1 of the Orcish Mines
 27134 | Orc:2    | Entered Level 2 of the Orcish Mines
 27134 | Orc:2    | Noticed an orc warlord
 27134 | Orc:2    | Found a staircase to the Elven Halls.
 27358 | Spider:1 | Entered Level 1 of the Spider Nest
 27798 | Spider:1 | Reached ****** piety under Hepliaklqana
 27817 | Spider:1 | Reached skill level 5 in Bows
 27944 | Spider:1 | Noticed an emperor scorpion
 28014 | Spider:1 | Killed an emperor scorpion
 29328 | Spider:2 | Reached XP level 16. HP: 109/109 MP: 23/25
 29969 | Spider:2 | Reached skill level 10 in Bows
 29977 | Spider:2 | Slain by a sun moth

Illustrated notes

Levels and vault maps discovered:
D:1:      ncdulo_smallfort, layout_loops_cross, serial_shops,
          nicolae_shop_window_shopping
D:2:      layout_loops_ring, dreamdust_ecumenical_altar_sealed_demon
D:3:      kennysheep_slugbush, layout_basic, goddamned_bats, uniq_jessica
D:4:      layout_loops_corners, mainiacjoe_overflow_tiny_flanked
D:5:      layout_loops_ring, mainiacjoe_overflow_alcove_4, kennysheep_mini_moat,
          temple_doors_e, kennysheep_generic_room_9
D:6:      layout_rooms
D:7:      layout_rooms, mainiacjoe_overflow_surrounded_room, minivault_26
D:8:      layout_basic, lemuel_tele_altar, lemuel_doored_altar
D:9:      layout_basic, gammafunk_temple_overflow_statue, david_lair_generic
D:10:     layout_basic, elyvilon_altar_1
D:11:     layout_long_grid, david_orc_5
Temple:   nicolae_temple_figure_eight
Lair:1:   layout_concentric_octagons, portal_ice_cave_entry_pillars_1,
          nicolae_lair_lil_pond, lemuel_fruit_tree, uniq_urug
Lair:2:   layout_roguey
Lair:3:   layout_regular_city, minmay_hedge_maze, infiniplex_staircase_pool_2
Lair:4:   layout_roguey, elwin_shoals_entry_rocks,
          hellmonk_spider_entry_life_and_decay, ebering_ghost_reflecting_pool,
          evilmike_ambush [evilmike_ambush_outer_corners,
          evilmike_ambush_inner_cross], infiniplex_staircase_pool
Lair:5:   nzn_winding_woodlands_stair_trap
          [nzn_winding_woodlands_5x15_river_crossing,
          nzn_winding_woodlands_5x15_garden, nzn_winding_woodlands_5x15_pockets,
          nzn_winding_woodlands_15x15_five_gardens,
          nzn_winding_woodlands_5x15_crooked,
          nzn_winding_woodlands_5x15_sidewinder,
          nzn_winding_woodlands_5x15_twine], layout_regular_city,
          dpeg_slime_entry_corner, st_stairs_10, serial_bayou_shore_a,
          uniq_snorg
Lair:6:   grunt_lair_end_beastmaster, layout_layer_cave, uniq_kirke
Spider:1: nicolae_spider_hilbert_zone_4 [nicolae_spider_hilbert_4_sides_2_open,
          nicolae_spider_hilbert_4_sides_1_open,
          nicolae_spider_hilbert_4_sides_1_open,
          nicolae_spider_hilbert_4_sides_1_open,
          nicolae_spider_hilbert_4_sides_1_open,
          nicolae_spider_hilbert_2_sides_1_open,
          nicolae_spider_hilbert_2_sides_1_open,
          nicolae_spider_hilbert_2_sides_1_open,
          nicolae_spider_hilbert_2_sides_1_open,
          nicolae_spider_hilbert_6_sides_1_open,
          nicolae_spider_hilbert_6_sides_1_open,
          nicolae_spider_hilbert_3_sides_1_open,
          nicolae_spider_hilbert_3_sides_1_open]
Spider:2: layout_spider_delve, drop_trap, hangedman_spider_tarantella_strand
Orc:1:    layout_diamond_mine, special_room [special_room_bee], serial_shops,
          nicolae_shop_crystal
Orc:2:    st_orc_rangers, layout_caves, ebering_ghost_xom, serial_shops,
          nicolae_square_shop, mines2_david, uniq_maurice

Skill      XL: |  1  2  3  4  5  6  7  8  9 10 11 12 13 14 15 16 |
---------------+-------------------------------------------------+-----
Ice Magic      | 5 6 7 8 10 11 12 14 | 14.0
Spellcasting   | 3 |  3.0
Fighting       | 2 4 5 8 10 | 10.0
Conjurations   | 2 3 5 |  5.0
Invocations    | 5 8 10 12 | 12.0
Staves         | 1 5 6 8 10 12 | 12.0
Shields        | 5 8 |  8.0
Dodging        | 4 6 |  6.0
Armour         | 2 5 |  5.0
Bows           | 9 10 | 10.0
Stealth        | |  2.4

Action                   |  1- 3 |  4- 6 |  7- 9 | 10-12 | 13-15 | 16-18 || total
-------------------------+-------+-------+-------+-------+-------+-------++-------
Melee: Dagger            |    22 |    66 |       |       |       |       ||    88
       Punch             |       |     1 |     2 |       |       |       ||     3
       Staff             |       |       |   253 |   298 |   543 |       ||  1094
 Fire: Shortbow          |       |       |       |       |    68 |    76 ||   144
Throw: Stone             |    42 |    57 |    19 |       |       |       ||   118
       Dart              |       |       |       |       |     2 |       ||     2
 Cast: Freeze            |    46 |    83 |    25 |     7 |    34 |       ||   195
       Frozen Ramparts   |       |    11 |    38 |    38 |    81 |     8 ||   176
       Ozocubu's Armour  |       |     5 |    26 |    21 |    34 |     3 ||    89
       Hailstorm         |       |       |       |    60 |    52 |     4 ||   116
Invok: Recall Ancestor   |       |       |     1 |     3 |     4 |       ||     8
       Ancestor Identity |       |       |     1 |       |       |       ||     1
       Ancestor Life: Kn |       |       |     1 |       |       |       ||     1
       Transference      |       |       |       |       |     2 |     2 ||     4
 Abil: Dig               |       |       |       |       |     1 |       ||     1
Evoke: Wand              |       |       |       |       |     2 |     1 ||     3
       Phial of floods   |       |       |       |       |     1 |     1 ||     2
 Stab: Sleeping          |     4 |       |     2 |     2 |     3 |       ||    11
       Distracted        |       |       |       |     3 |     5 |       ||     8
Armor: Robe              |    13 |    11 |       |       |       |       ||    24
       Leather armour    |       |    75 |   117 |    62 |   126 |       ||   380
       Scale mail        |       |       |    16 |     1 |       |       ||    17
       Steam dragon scal |       |       |       |    41 |       |       ||    41
       Troll leather arm |       |       |       |       |    48 |    14 ||    62
Dodge: Dodged            |    41 |   117 |   151 |   146 |   259 |    18 ||   732
Block: Buckler           |       |       |     5 |    62 |   125 |     7 ||   199
